 Dungeon Sprint DCSS version 0.19-a0-1827-g174f941 (webtiles) character file.

907 Theye the Fencer (level 11, -6/108 HPs)
             Began as a Deep Dwarf Fighter on Oct 7, 2016.
             Was the Champion of Makhleb.
             Mangled by a green death (20 damage)
             ... summoned by the player character
             ... in the Dungeon (Sprint VI: "Thunderdome").
             The game lasted 00:08:29 (1226 turns).

Theye the Fencer (Deep Dwarf Fighter)               Turns: 1226, Time: 00:08:30

Health: -6/108     AC:  9    Str: 24    XL:     11   Next: 6%
Magic:  10/11      EV: 14    Int:  5    God:    Makhleb [******]
Gold:   101        SH:  7    Dex: 18    Spells: 0 memorised, 12 levels left

rFire  + . .     SeeInvis +     x - +0 demon blade (slice)
rCold  + + .     Gourm    .     b - +0 scale mail
rNeg   . . .     Faith    .     q - +0 buckler
rPois  .         Spirit   .     (no helmet)
rElec  .         Dismiss  +     (no cloak)
rCorr  .         Reflect  .     (no gloves)
MR     ++...     Harm     .     (no boots)
Stlth  +......... NoTele   +    v - amulet of Risede Qinext {Dismiss Str+3}
                                s - ring "Juecov" {rF+ rC++ Int-4 Dex+4}
                                t - ring of Duerr {+Inv MR+ SInv}

@: lethally poisoned (-6 -> -76), very slightly contaminated, non-regenerating,
studying Shields
A: damage resistance, recharge devices, sense surroundings 2, slow regeneration
3
a: Device Recharging, Minor Destruction, Lesser Servant of Makhleb, Major
Destruction, Greater Servant of Makhleb, Renounce Religion, Evoke Invisibility
}: 1/15 runes: serpentine


You were in the Dungeon.
You worshipped Makhleb.
Makhleb was exalted by your worship.
You were full.

You visited 1 branch You collected 1150 gold pieces.
You spent 1049 gold pieces at shops.

Inventory:

Hand Weapons
 x - a +0 demon blade of slicing (weapon)
Armour
 b - a +0 scale mail (worn)
 c - a +0 shield
 q - a +0 buckler (worn)
Jewellery
 r - the ring "Ennuki" {+Fly MR+ Str+2 Dex-5}
   (You bought it in a shop in the Dungeon)

   [ring of protection from magic]

   It affects your strength (+2).
   It affects your dexterity (-5).
   It affects your resistance to hostile enchantments.
   It lets you fly.
 s - the ring "Juecov" (right hand) {rF+ rC++ Int-4 Dex+4}
   (You bought it in a shop in the Dungeon)

   [ring of dexterity]

   It affects your intelligence (-4).
   It affects your dexterity (+4).
   It protects you from fire.
   It greatly protects you from cold.
 t - the ring of Duerr (left hand) {+Inv MR+ SInv}
   (You bought it in a shop in the Dungeon)

   [ring of see invisible]

   It affects your resistance to hostile enchantments.
   It lets you see invisible.
   It lets you turn invisible.
 u - the ring of Harmony {Fire Slay+3}
   (You bought it in a shop in the Dungeon)

   [ring of fire]

   It enhances your fire magic.
   It affects your accuracy and damage with ranged weapons and melee attacks
   (+3).
   It protects you from fire.
   It makes you vulnerable to cold.
 v - the amulet of Risede Qinext (around neck) {Dismiss Str+3}
   (You bought it in a shop in the Dungeon)

   [amulet of dismissal]

   It may teleport away creatures that harm you.
   It affects your strength (+3).
Wands
 d - a wand of slowing (22/48)
 e - a wand of heal wounds (0/9)
 n - a wand of acid (1/15)
 o - a wand of iceblast (3/15)
Scrolls
 l - 2 scrolls of blinking
 p - 3 scrolls of fog
Potions
 i - a potion of haste
 j - 2 potions of magic
 m - a potion of resistance
Books
 w - a manual of Shields
Comestibles
 a - 13 royal jellies


   Skills:
 + Level 9.7 Fighting
 * Level 16.3 Long Blades
 + Level 11.5 Armour
 + Level 5.4 Dodging
 - Level 2.4 Stealth
 + Level 10.9 Shields
 - Level 1.3 Spellcasting
 * Level 8.0 Invocations
 + Level 7.0 Evocations


You had 12 spell levels left.
You didn't know any spells.

Dungeon Overview and Level Annotations

Branches:
Dungeon (1/1)

Altars:
Cheibriados
Dithmenos
Fedhas
Gozag
Kikubaaqudgha
Makhleb
Okawaru
Qazlal
Ru
Sif Muna
Trog
Uskayaw
Vehumet
Xom
Yredelemnul
Zin
The Shining One
Beogh
Jiyva
Lugonu

Shops:
D *[%??*?*:[((!!!!


Innate Abilities, Weirdness & Mutations

You are resistant to damage.
You can recharge devices by infusing magical energy.
You passively map the area around you.
You do not regenerate.


Message History

You are engulfed in poison gas.
You are lethally poisoned!
You feel sick. The green death gestures at you. The poison arrow hits you!
You are more poisoned.
* * * LOW HITPOINT WARNING * * *
Unknown command.
Unknown command.
Evoke which item? (* to show all) (? for menu, Esc to quit)
Zapping:
e - a wand of heal wounds (1/9)
Press: ? - help, Shift-Dir - straight line, f - you You feel much better.
This wand has 0 charges left. 3...
You are engulfed in poison gas.
You are more poisoned.
* * * LOW HITPOINT WARNING * * *
x2 You feel extremely sick.
The green death hits you!!
You die...

#_......._# #_......._#
###....[....###
#⌠....)......⌠#
#.8..)......8.######
....).###.....).__∩##
..[.8.# #.8..[..§..∩###
......###).....§§§....##
.[[###...###...§@§....⌠#
...# #.<§# #..§2§§....⌠#
...###.§§###..........⌠#
...†T.###.............##
...†8.# #†8........∩###
......###......___∩##
#.8.........8.######
#§...†.......⌠#
###.........###


You could see a green death.

Vanquished Creatures
  A naga warrior (D)
  An orc high priest (D)
  5 deep trolls (D)
  2 trolls (D)
  3 tyrant leeches (D)
  A blink frog (D)
  3 orc warriors (D)
  Blork the orc (D)
  5 bullfrogs (D)
  3 jellies (D)
  An orc wizard (D)
  2 oozes (D)
  4 worms (D)
  2 goblins (D)
  4 hobgoblins (D)
38 creatures vanquished.

Notes
Turn   | Place    | Note
-------+----------+-------------------------------------------
     0 | D        | Theye the Deep Dwarf Fighter began the quest for the Orb.
     0 | D        | Reached XP level 1. HP: 20/20 MP: 1/1
     3 | D        | Found a shimmering altar of Xom.
     4 | D        | Found a roughly hewn altar of Beogh.
     4 | D        | Found a burning altar of Makhleb.
     5 | D        | Found a radiant altar of Vehumet.
     5 | D        | Found a deep blue altar of Sif Muna.
     5 | D        | Round 1.
     6 | D        | Found Uzeiler's Do-It-Yourself Clinic.
     6 | D        | Found a hide-covered altar of Uskayaw.
     6 | D        | Found Qerhifye's Distillery.
     6 | D        | Noticed a jelly
     7 | D        | Found Heungurosyrr's Bottled Wisdom.
     7 | D        | Found Ededanun's Distillery.
     8 | D        | Found an ancient bone altar of Kikubaaqudgha.
     9 | D        | Found Tosmaax's Weapon Rack.
    13 | D        | Killed a jelly
    13 | D        | Reached skill level 3 in Long Blades
    13 | D        | Reached XP level 2. HP: 28/30 MP: 2/2
    13 | D        | Reached XP level 3. HP: 34/36 MP: 3/3
    14 | D        | Found Veown's Basic Armour.
    14 | D        | Found Zougot's Miscellaneous Merchandise.
    19 | D        | Became a worshipper of Makhleb the Destroyer
    20 | D        | Found a stormy altar of Qazlal.
    20 | D        | Found Zuitiasicu's Premium Goods.
    20 | D        | Found a bloodstained altar of Trog.
    23 | D        | Bought a +0 buckler for 54 gold pieces
    42 | D        | Found a viscous altar of Jiyva.
    45 | D        | Found a blossoming altar of Fedhas.
    48 | D        | Reached skill level 4 in Long Blades
    48 | D        | Reached skill level 5 in Armour
    48 | D        | Reached skill level 5 in Shields
    49 | D        | Found a shadowy altar of Dithmenos.
    49 | D        | Found Citelo Ubra's Identification Station.
    49 | D        | Found Myuroif's Advanced Armour.
    50 | D        | Found Caugguvyss's Jewellery.
    54 | D        | Reached * piety under Makhleb
    56 | D        | Arena points: 12 (+12) [x2]
    56 | D        | Reached XP level 4. HP: 29/45 MP: 4/4
    60 | D        | Found an opulent altar of Gozag.
    60 | D        | Found a glowing silver altar of Zin.
    60 | D        | Found Godiq's Bee Food.
    72 | D        | Found an iron altar of Okawaru.
    76 | D        | Found a glowing golden altar of the Shining One.
    77 | D        | Found a corrupted altar of Lugonu.
   102 | D        | Round 2.
   108 | D        | Found Yxzel's Magic Scroll Shop.
   109 | D        | Found Janebila's Magic Scroll Shop.
   109 | D        | Found Fyirchino's Must-Have Magic.
   110 | D        | Found a sacrificial altar of Ru.
   110 | D        | Found a basalt altar of Yredelemnul.
   110 | D        | Found a snail-covered altar of Cheibriados.
   110 | D        | Found Cahuk's Staff Store.
   116 | D        | Reached ** piety under Makhleb
   118 | D        | Reached skill level 5 in Fighting
   149 | D        | Arena points: 54 (+42) [x3]
   169 | D        | Round 3.
   193 | D        | Bought a warped bone ring for 45 gold pieces
   193 | D        | Bought a pitted glass ring for 45 gold pieces
   193 | D        | Bought a sparkling bone ring for 45 gold pieces
   193 | D        | Bought a bound steel ring for 45 gold pieces
   193 | D        | Bought a coiled brass amulet for 45 gold pieces
   193 | D        | Identified the ring of Duerr {+Inv MR+ SInv} (You bought it in a shop in the Dungeon)
   194 | D        | Identified the ring "Ennuki" {+Fly MR+ Str+2 Dex-5} (You bought it in a shop in the Dungeon)
   196 | D        | Identified the ring "Juecov" {rF+ rC++ Int-4 Dex+4} (You bought it in a shop in the Dungeon)
   200 | D        | Identified the ring of Harmony {Fire Slay+3} (You bought it in a shop in the Dungeon)
   203 | D        | Identified the amulet of Risede Qinext {Dismiss Str+3} (You bought it in a shop in the Dungeon)
   220 | D        | Reached *** piety under Makhleb
   220 | D        | Reached skill level 5 in Long Blades
   239 | D        | Noticed an orc warrior
   241 | D        | Noticed Blork the orc
   250 | D        | Killed Blork the orc
   250 | D        | Reached skill level 7 in Long Blades
   250 | D        | Reached XP level 5. HP: 52/52 MP: 5/5
   254 | D        | Killed an orc warrior
   254 | D        | Reached skill level 8 in Long Blades
   254 | D        | Reached skill level 1 in Dodging
   254 | D        | Reached XP level 6. HP: 62/62 MP: 6/6
   274 | D        | Noticed an orc warrior
   283 | D        | Killed an orc warrior
   283 | D        | Reached skill level 9 in Long Blades
   289 | D        | Noticed an orc high priest
   296 | D        | Noticed an ice devil
   299 | D        | Noticed a ynoxinul
   305 | D        | Killed an orc high priest
   305 | D        | Reached **** piety under Makhleb
   305 | D        | Reached skill level 12 in Long Blades
   305 | D        | Reached XP level 7. HP: 50/72 MP: 7/7
   322 | D        | Arena points: 138 (+84) [x4]
   322 | D        | Reached XP level 8. HP: 22/80 MP: 8/8
   350 | D        | Round 4.
   392 | D        | Noticed a blink frog
   401 | D        | Killed a blink frog
   401 | D        | Reached skill level 13 in Long Blades
   480 | D        | Reached ***** piety under Makhleb
   500 | D        | Arena points: 278 (+140) [x5]
   500 | D        | Reached skill level 14 in Long Blades
   552 | D        | Round 5.
   559 | D        | Noticed a naga warlord
   605 | D        | Killed a naga warlord
   605 | D        | Arena points: 523 (+245) [x7]
   605 | D        | Gained mutation: You passively map the area around you. [Deep Dwarf growth]
   605 | D        | Reached XP level 9. HP: 69/88 MP: 7/10
   608 | D        | Got a serpentine rune of Zot
   623 | D        | Bought a +0 demon blade for 450 gold pieces
   817 | D        | Round 6.
   836 | D        | Noticed a tyrant leech
   841 | D        | Noticed a tyrant leech
   846 | D        | Reached skill level 15 in Long Blades
   846 | D        | Reached skill level 10 in Armour
   846 | D        | Reached skill level 1 in Spellcasting
   846 | D        | Reached XP level 10. HP: 50/97 MP: 10/12
   940 | D        | Reached ****** piety under Makhleb
   943 | D        | Arena points: 907 (+384) [x8]
   968 | D        | Bought a scroll of brand weapon for 200 gold pieces
  1006 | D        | Round 7.
  1016 | D        | Bought 3 royal jellies for 24 gold pieces
  1016 | D        | Bought 3 royal jellies for 24 gold pieces
  1022 | D        | Bought 3 royal jellies for 24 gold pieces
  1022 | D        | Bought 3 royal jellies for 24 gold pieces
  1022 | D        | Bought 3 royal jellies for 24 gold pieces
  1035 | D        | Noticed a deep troll
  1044 | D        | Noticed a deep troll
  1070 | D        | Killed a deep troll
  1070 | D        | Reached skill level 5 in Invocations
  1070 | D        | Reached skill level 5 in Evocations
  1073 | D        | Killed a deep troll
  1073 | D        | Reached skill level 10 in Shields
  1080 | D        | Noticed a deep troll
  1104 | D        | Noticed a deep troll
  1120 | D        | Noticed a green death
  1125 | D        | Killed a deep troll
  1125 | D        | Reached skill level 16 in Long Blades
  1144 | D        | Noticed a deep troll
  1149 | D        | HP: 3/99 [green death/bolt of poison[the player character] (43)]
  1179 | D        | Killed a deep troll
  1179 | D        | Reached skill level 5 in Dodging
  1187 | D        | Reached XP level 11. HP: 54/106 MP: 12/12
  1222 | D        | Killed a deep troll
  1226 | D        | Mangled by a green death

Vault maps used:
D:        arena_sprint

Skill      XL: |  1  2  3  4  5  6  7  8  9 10 11 |
---------------+----------------------------------+-----
Fighting       | 3 4 5 7 8 9 |  9.7
Long Blades    | 3 4 7 8 12 14 15 16 | 16.3
Armour         | 4 5 6 7 8 9 10 11 | 11.5
Shields        | 4 5 6 7 8 9 10 | 10.9
Dodging        | 1 2 3 4 5 |  5.4
Evocations     | 2 4 6 7 |  7.0
Stealth        | 2 |  2.4
Spellcasting   | 1 |  1.3
Invocations    | 2 7 8 |  8.0

Action                   |  1- 3 |  4- 6 |  7- 9 | 10-12 || total
-------------------------+-------+-------+-------+-------++-------
Melee: Long sword        |    14 |    45 |    59 |       ||   118
       Demon blade       |       |       |     8 |   149 ||   157
Invok: Greater Servant o |       |       |       |     1 ||     1
 Abil: Device Recharging |       |       |     1 |     5 ||     6
Evoke: Wand              |       |       |     8 |    31 ||    39
  Use: Potion            |       |     3 |     2 |     6 ||    11
       Scroll            |       |       |       |     3 ||     3
  Eat: Bread ration      |       |       |     1 |       ||     1
       Royal jelly       |       |       |       |     2 ||     2
Armor: Scale mail        |     8 |     9 |    15 |    19 ||    51
Dodge: Dodged            |     3 |    15 |    15 |    60 ||    93
Block: Shield            |     3 |       |       |       ||     3
       Buckler           |     2 |    13 |     9 |    38 ||    62
       Rpst.: Long sword |     1 |     8 |     5 |       ||    14
       Demon blade       |       |       |       |     6 ||     6
